 Dungeon Crawl Stone Soup version 0.19-a0-1834-g6b7851e (webtiles) character file.

13950 KarmaPolice the Carver (level 11, -10/90 HPs)
             Began as a Vampire Gladiator on Oct 8, 2016.
             Was an Elder of Qazlal.
             Killed from afar by a frost giant (55 damage)
             ... with a bolt of cold
             ... on level 9 of the Dungeon.
             The game lasted 00:55:08 (25193 turns).

KarmaPolice the Carver (Vampire Gladiator)         Turns: 25193, Time: 00:55:09

Health: -10/90     AC: 11    Str: 22    XL:     11   Next: 82%
Magic:  16/16      EV: 15    Int: 12    God:    Qazlal [****..]
Gold:   682        SH:  9    Dex: 15    Spells: 0 memorised, 10 levels left

rFire  + . .     SeeInvis +     a - +0 long sword
rCold  . . .     Gourm    .     s - +1 ring mail of the Hanged Man {-Cast rF+ Str+6} (curse)
rNeg   + . .     Faith    .     (no shield)
rPois  .         Spirit   .     c - +0 helmet
rElec  .         Dismiss  .     k - +0 cloak
rCorr  .         Reflect  +     T - +0 pair of gloves
MR     +....     Harm     .     (no boots)
Stlth  +......... NoCast   +    i - +4 amulet of reflection
                                y - +4 ring of slaying
                                r - +2 ring of evasion

@: repel missiles
A: fangs 3, see invisible, unbreathing
a: Bat Form, Upheaval, Elemental Force, Renounce Religion


You were on level 9 of the Dungeon.
You worshipped Qazlal.
Qazlal was greatly pleased with you.
You were not thirsty.

You visited 2 branches of the dungeon, and saw 11 of its levels.
You also visited: Ossuary.

You collected 682 gold pieces.

Inventory:

Hand Weapons
 a - a +0 long sword (weapon)
 L - a +2 vampiric dagger
 R - a +2 dagger of venom
Missiles
 d - 3 throwing nets (quivered)
Armour
 c - a +0 helmet (worn)
 k - a +0 cloak (worn)
 s - the cursed +1 ring mail of the Hanged Man (worn) {-Cast rF+ Str+6}
   (You found it on level 9 of the Dungeon)

   It affects your strength (+6).
   It protects you from fire.
   It prevents spellcasting.
   It has a curse placed upon it.
 T - a +0 pair of gloves (worn)
Jewellery
 i - a +4 amulet of reflection (around neck)
 r - a +2 ring of evasion (left hand)
 u - an uncursed amulet of dismissal
 y - a +4 ring of slaying (right hand)
 K - an uncursed ring of wizardry
Wands
 e - a wand of teleportation (4/9)
 m - a wand of confusion (19/48)
 S - a wand of lightning (0/15)
 U - a wand of iceblast (4/15)
Scrolls
 f - a scroll of magic mapping
 g - 3 scrolls of blinking
 h - a scroll of identify
 j - 2 scrolls of teleportation
 l - 4 scrolls of amnesia
 n - 6 scrolls of remove curse
 t - 2 scrolls of summoning
 w - a scroll of enchant armour {unknown}
 x - a scroll of silence {unknown}
 B - a scroll of brand weapon {unknown}
 C - a scroll of fog {unknown}
 G - a scroll of recharging {unknown}
Potions
 b - a potion of ambrosia
 p - a potion of agility
 q - 2 potions of haste
 z - a potion of curing
 A - 2 potions of resistance
 D - 2 potions of cancellation
 E - a potion of mutation {unknown}
 F - 5 potions of blood
 H - 3 potions of brilliance {unknown}
 N - 2 potions of lignification {unknown}
 O - a potion of cure mutation {unknown}
 Q - 2 potions of might {unknown}
Books
 o - a book of Frost

   Spells                             Type                      Level
   a - Freeze                         Ice                          1
   b - Throw Frost                    Conjuration/Ice              2
   c - Ozocubu's Armour               Charms/Ice                   3
   d - Throw Icicle                   Conjuration/Ice              4
   e - Summon Ice Beast               Ice/Summoning                4


   Skills:
 + Level 9.7 Fighting
 + Level 10.4 Long Blades
 - Level 1.5 Throwing
 - Level 7.8 Armour
 - Level 3.4 Dodging
 + Level 7.6 Invocations
 - Level 2.5 Evocations


You had 10 spell levels left.
You didn't know any spells.

Dungeon Overview and Level Annotations

Branches:
Dungeon (10/15)            Temple (1/1) D:6            Lair (0/6) D:9
    Orc: D:9-12

Altars:
Ashenzari
Cheibriados
Dithmenos
Elyvilon
Gozag
Makhleb
Qazlal
Ru
Sif Muna
Trog
Uskayaw
Xom
Yredelemnul

Shops:
D:6 [   D:8 (


Innate Abilities, Weirdness & Mutations

You have razor-sharp teeth.
You have supernaturally acute eyesight. (SInv)
You can survive without breathing.


Message History

You hear a shout!
The frost giant shouts!
The frost giant casts a spell at you. The bolt of cold misses you.
A frost giant is nearby!
Okay, then.
Okay, then.
Okay, then.
The frost giant gestures at you while chanting.
You hear a sizzling sound!
A hungry ghost comes into view.
You slash the frost giant!
The frost giant is lightly wounded.
The frost giant gestures at you while chanting.
The bolt of cold hits you!
Ouch! That really hurt!
The frost giant casts a spell at you. The bolt of cold hits you!
Ouch! That really hurt!
You die...

###########
#.........#############
#.#.#.#.#.#.#.#.#.#.#(##
#......................#
#.#.#.#.#.#.#.#.#.#.#.##
#########.......C..............##
..........#.#.#.#.#.#.#.#.#.#>#..
.#...#..##.....###C§#.......##..#
.........(......@..§...W.........
#####...####'######.....#######..
....#.[<#..#......#.....#.....#..
....#.#.#..#......#.....#.....'%.
#'###...#.#########.....#######..
........'.# #.'.....####...##
#######.#.# #.#.###.#..#.#.#.
........#.# ###.....#..#...'.
###.....#.########....###..#####.


You could see a frost giant and a hungry ghost.

Vanquished Creatures
  A centaur warrior (D:9)
  2 death yaks
  The ghost of dvd the Archer, a journeyman SpHu of Lugonu (D:10)
  The ghost of brucemayne the Basher, a novice OgBe of Trog (D:9)
  An unseen horror (D:10)
  Pikel (D:7)
  An orc knight (D:9)
  Joseph (D:10)
  A gargoyle (D:10)
  A polar bear (D:10)
  A hornet (D:10)
  3 hippogriffs
  4 yaks
  3 hogs (D:7)
  A vampire (D:9)
  A hungry ghost (D:10)
  A human (D:7)
  4 wargs (D:10)
  5 orc warriors
  2 sky beasts (D:8)
  4 ice beasts
  6 ogres
  2 phantoms
  A black bear (D:9)
  A wolf (D:10)
  5 centaurs
  3 big kobolds
  2 elf zombies (Ossuary)
  A water moccasin zombie (D:7)
  5 bullfrogs
  2 gnoll sergeants (D:8)
  A wyvern skeleton (D:8)
  A water moccasin skeleton (D:10)
  4 killer bees (D:9)
  7 wights
  3 electric eels (D:10)
  A howler monkey (D:9)
  5 crimson imps
  A centaur zombie (D:8)
  A bullfrog zombie (D:5)
  A quasit (D:5)
  9 orc priests
  8 orc wizards
  A bullfrog skeleton (D:6)
  5 hounds
  A human zombie (Ossuary)
  3 jellies
  Crazy Yiuf (D:5)
  A centaur skeleton (D:7)
  4 iguanas
  Terence (D:3)
  10 worker ants
  3 killer bee zombies
  A big kobold zombie (Ossuary)
  A hound zombie (D:10)
  3 mummies (Ossuary)
  8 gnolls
  A howler monkey skeleton (D:6)
  4 river rats (D:9)
  15 adders
  4 shadow imps
  A white imp (D:10)
  An ufetubus (D:10)
  7 adder zombies
  An adder skeleton (D:6)
  A worm (D:3)
  3 dart slugs
  10 leopard geckos
  40 orcs
  A ball python (D:2)
  7 giant cockroaches
  4 gnoll zombies (Ossuary)
  10 hobgoblins
  11 jackals
  29 kobolds
  5 quokkas
  30 bats
  9 frilled lizards
  3 goblin zombies (Ossuary)
  3 hobgoblin zombies (Ossuary)
  4 jackal zombies
  5 kobold zombies (Ossuary)
  A leopard gecko skeleton (D:4)
  3 orc zombies (Ossuary)
  A quokka skeleton (D:4)
  4 quokka zombies
  12 rats
  4 rat zombies (Ossuary)
  2 fungi (D:9)
389 creatures vanquished.

Vanquished Creatures (others)
  Menkaure (D:7)
  2 slaves (D:7)
  A big kobold (D:7)
  A crimson imp (D:7)
  A howler monkey zombie (D:7)
  3 kobolds (D:7)
  3 fungi (D:9)
  2 plants (D:9)
14 creatures vanquished.

Grand Total: 403 creatures vanquished

Notes
Turn   | Place    | Note
-------+----------+-------------------------------------------
     0 | D:1      | KarmaPolice the Vampire Gladiator began the quest for the Orb.
     0 | D:1      | Reached XP level 1. HP: 16/16 MP: 1/1
   117 | D:1      | Reached XP level 2. HP: 19/22 MP: 2/2
   437 | D:1      | Reached XP level 3. HP: 28/28 MP: 3/3
   438 | D:1      | Reached skill level 1 in Armour
   986 | D:2      | Reached XP level 4. HP: 34/34 MP: 4/4
  1742 | D:3      | Reached skill level 4 in Long Blades
  1978 | D:3      | Found a burning altar of Makhleb.
  1978 | D:3      | Found a shimmering altar of Xom.
  1984 | D:3      | Paralysed by a crimson imp for 5 turns
  2015 | D:3      | Reached XP level 5. HP: 27/41 MP: 5/5
  2635 | D:3      | Noticed Terence
  2644 | D:3      | Killed Terence
  2644 | D:3      | Reached XP level 6. HP: 46/47 MP: 6/6
  2852 | D:3      | Found a basalt altar of Yredelemnul.
  2852 | D:3      | Found an opulent altar of Gozag.
  2988 | D:4      | HP: 2/47 [worker ant (2)]
  4159 | D:4      | Reached skill level 5 in Long Blades
  4262 | D:5      | Entered Level 5 of the Dungeon
  4275 | D:5      | Reached XP level 7. HP: 37/54 MP: 7/7
  4278 | D:5      | Found a sand-covered staircase.
  4405 | Ossuary  | Entered an ossuary
  6201 | D:5      | Reached skill level 5 in Fighting
  6201 | D:5      | Reached skill level 1 in Evocations
  7009 | D:5      | Found a shattered altar of Ashenzari.
  7022 | D:5      | Reached XP level 8. HP: 51/62 MP: 9/9
  7288 | D:5      | Reached skill level 6 in Long Blades
  7541 | D:5      | Found a runed door.
  7572 | D:5      | Noticed Crazy Yiuf
  7580 | D:5      | Killed Crazy Yiuf
  7963 | D:6      | Found Wuppusecs's Antique Armour Shop.
  8360 | D:6      | Found a staircase to the Ecumenical Temple.
  8408 | Temple   | Entered the Ecumenical Temple
  8429 | Temple   | Became a worshipper of Qazlal Stormbringer
  8474 | D:6      | Reached skill level 5 in Armour
  8743 | D:6      | Reached skill level 1 in Invocations
  8980 | D:7      | Reached XP level 9. HP: 60/69 MP: 10/10
  9046 | D:7      | Noticed Pikel
  9091 | D:7      | Killed Pikel
  9091 | D:7      | Reached skill level 7 in Long Blades
  9198 | D:7      | Killed Menkaure
  9396 | D:6      | Reached * piety under Qazlal
 10046 | D:7      | You fall through a shaft for 2 floors!
 10046 | D:9      | Noticed brucemayne's ghost (novice OgBe)
 11266 | D:8      | Reached ** piety under Qazlal
 11291 | D:8      | Reached skill level 8 in Long Blades
 11781 | D:8      | Reached XP level 10. HP: 75/79 MP: 13/13
 11794 | D:8      | Found Dim Jost's Antique Weapon Shop.
 13817 | D:9      | Found a staircase to the Lair.
 15278 | D:9      | Found a hide-covered altar of Uskayaw.
 15281 | D:9      | Found a bloodstained altar of Trog.
 15305 | D:9      | Got a sapphire-encrusted ring mail
 15855 | D:9      | Killed brucemayne's ghost
 15855 | D:9      | Reached skill level 5 in Invocations
 16112 | D:9      | Reached *** piety under Qazlal
 16628 | D:8      | Identified the cursed +1 ring mail of the Hanged Man {-Cast rF+ Str+6} (You found it on level 9 of the Dungeon)
 16918 | D:10     | Entered Level 10 of the Dungeon
 17080 | D:10     | Reached skill level 9 in Long Blades
 17106 | D:10     | Noticed a death yak
 17585 | D:10     | Noticed Joseph
 19443 | D:10     | Noticed an unseen horror
 19460 | D:10     | Killed an unseen horror
 19460 | D:10     | Reached XP level 11. HP: 82/87 MP: 15/15
 19520 | D:10     | Noticed dvd's ghost (journeyman SpHu)
 20432 | D:10     | Killed dvd's ghost
 21218 | D:10     | Killed Joseph
 22550 | D:10     | Noticed a death yak
 22606 | D:10     | Reached **** piety under Qazlal
 22608 | D:10     | Killed a death yak
 22608 | D:10     | Reached skill level 10 in Long Blades
 22873 | D:10     | Noticed an orc knight
 24240 | D:8      | Killed a death yak
 24404 | D:9      | Killed an orc knight
 24452 | D:9      | Noticed a centaur warrior
 24453 | D:9      | Noticed a frost giant
 24458 | D:9      | Killed a centaur warrior
 25193 | D:9      | Killed from afar by a frost giant

Vault maps used:
D:1:      nicolae_arrival_memento_mori
D:2:      solitary_fountain
D:3:      grunt_temple_overflow_champion_of_chaos,
          gammafunk_temple_overflow_elements, grunt_ministairs_1, uniq_terence
D:4:      first_bread
D:5:      basic_altar, chequers_ossuary_entry_cave, uniq_crazy_yiuf_cottage
D:6:      serial_shops, shop
D:7:      grunt_livestock, item_on_display_a, uniq_menkaure, uniq_pikel
D:8:      kennysheep_windowed_goal
D:9:      minitemple, grunt_lair_entry_orc_guard_hut, st_stairs_13
D:10:     lemuel_castle_with_subvaults, serial_ice, serial_ice_j, serial_ice_f,
          serial_ice_b, serial_ice_n, uniq_joseph
Temple:   regret_index_temple_waves
Ossuary:  minmay_ossuary_two_tombs

Skill      XL: |  1  2  3  4  5  6  7  8  9 10 11 |
---------------+----------------------------------+-----
Fighting       | 2 3 4 5 6 7 8 9 |  9.7
Armour         | 1 2 3 4 5 6 7 |  7.8
Long Blades    | 4 5 6 8 9 10 | 10.4
Evocations     | 1 2 |  2.5
Invocations    | 1 4 5 7 |  7.6
Throwing       | |  1.5
Dodging        | |  3.4

Action                   |  1- 3 |  4- 6 |  7- 9 | 10-12 || total
-------------------------+-------+-------+-------+-------++-------
Melee: Long sword        |    95 |   197 |   381 |   459 ||  1132
       Bite              |     7 |    34 |   105 |   117 ||   263
       Dagger            |       |       |   270 |   193 ||   463
       Unarmed           |       |       |       |     6 ||     6
 Abil: End Transformatio |       |     2 |     4 |    13 ||    19
       Bat Form          |       |     2 |     4 |    13 ||    19
Evoke: Wand              |       |       |       |     3 ||     3
  Use: Potion            |       |     6 |    14 |    29 ||    49
       Scroll            |       |       |     9 |    11 ||    20
 Stab: Sleeping          |     1 |     9 |     9 |       ||    19
       Invisible         |       |     1 |       |       ||     1
  Eat: Corpse            |     1 |     3 |     2 |     4 ||    10
Armor: Leather armour    |    36 |    48 |   105 |    57 ||   246
       Ring mail         |       |       |       |    79 ||    79
Dodge: Dodged            |   103 |   145 |   379 |   373 ||  1000
Block: Other             |       |       |    77 |   237 ||   314
       Reflection        |       |       |     3 |    12 ||    15
       Rpst.: Long sword |    33 |    50 |    71 |    68 ||   222
